 Dungeon Crawl Stone Soup version 0.29-a0-330-g52719c12eb (webtiles) character file.

Game seed: 1129474451734516229

260 HoaS the Quickloader (level 6, -5/35 HPs)
             Began as a Kobold Hunter on May 20, 2022.
             Was a Follower of Makhleb.
             Slain by an orc warrior
             ... wielding a +0 broad axe
              (17 damage)
             ... on level 4 of the Dungeon.
             The game lasted 00:05:56 (3199 turns).

HoaS the Quickloader (Kobold Hunter)                Turns: 3199, Time: 00:05:57

Health: -5/35      AC:  7    Str:  8    XL:     6   Next: 41%
Magic:  6/6        EV: 14    Int: 11    God:    Makhleb [*.....]
Gold:   216        SH:  0    Dex: 20    Spells: 5/5 levels left

rFire   . . .      SeeInvis .   a - +2 hand crossbow
rCold   . . .      Faith    .   (no shield)
rNeg    . . .      Spirit   .   b - +0 leather armour
rPois   +          Reflect  .   (no helmet)
rElec   .          Harm     .   (no cloak)
rCorr   .          Rampage  .   h - +0 pair of gloves
Will    .....                   g - +2 pair of boots
Stlth   +++.......              (no amulet)
HPRegen 0.11/turn               k - ring of poison resistance
MPRegen 0.10/turn               (no ring)

@: no status effects
A: small, no large weapons, nightstalker 3
a: Renounce Religion


You were on level 4 of the Dungeon.
You worshipped Makhleb.
Makhleb was aware of your devotion.
You visited 1 branch of the dungeon, and saw 4 of its levels.

You collected 216 gold pieces.

Inventory:

Hand Weapons
 a - a +2 hand crossbow (weapon)
Armour
 b - a +0 leather armour (worn)
 g - a +2 pair of boots (worn)
 h - a +0 pair of gloves (worn)
 m - a +0 ring mail
Jewellery
 k - a ring of poison resistance (left hand)
Scrolls
 c - 3 scrolls of immolation
 l - 2 scrolls of magic mapping
 o - a scroll of noise
Potions
 d - 2 potions of flight
 e - a potion of mutation
 i - 2 potions of curing
 j - a potion of lignification {unknown}
 p - a potion of resistance {unknown}


   Skills:
 - Level 2.1 Fighting
 + Level 9.5 Crossbows
 - Level 2.4 Dodging
 - Level 1.3 Stealth


You had 5 spell levels left.
You didn't know any spells.
Your spell library contained the following spells:

 Spells                   Type           Power      Damage    Failure   Level
 Freeze                   Ice            0%         1d3       45%         1
 Frozen Ramparts          Ice            0%         1d2       83%         3
 Hailstorm                Conj/Ice       0%         3d3       99%         4


Dungeon Overview and Level Annotations

Branches:
Dungeon (4/15)
 Temple: D:4-7

Altars:
Makhleb
Wu Jian

Annotations:
D:4 exclusions: orc warrior and 1 more exclusion


Innate Abilities, Weirdness & Mutations

You are small and have problems with some larger weapons.
You are completely attuned to the shadows.


Message History

The orc warrior hits you with a +0 broad axe!
Shoot: a) +2 hand crossbow
Press: ? - help, Q - select action Shift-Dir - straight line, f/p - orc warrior
Aim: an orc warrior, wielding a +0 broad axe and wearing a +0 plate armour (almost dead, 70% to hit)
You shoot a bolt. The bolt hits the orc warrior.
The orc warrior is almost dead.
The orc warrior closely misses you.
Shoot: a) +2 hand crossbow
Press: ? - help, Q - select action Shift-Dir - straight line, f/p - orc warrior
Aim: an orc warrior, wielding a +0 broad axe and wearing a +0 plate armour (almost dead, 70% to hit)
You shoot a bolt.
The bolt hits the orc warrior but does no damage.
The orc warrior is almost dead.
The orc warrior misses you.
Shoot: a) +2 hand crossbow
Press: ? - help, Q - select action Shift-Dir - straight line, f/p - orc warrior
Aim: an orc warrior, wielding a +0 broad axe and wearing a +0 plate armour (almost dead, 70% to hit)
You shoot a bolt.
The bolt closely misses the orc warrior.
The orc warrior hits you with a +0 broad axe!
Shoot: a) +2 hand crossbow
Press: ? - help, Q - select action Shift-Dir - straight line, f/p - orc warrior
Aim: an orc warrior, wielding a +0 broad axe and wearing a +0 plate armour (almost dead, 70% to hit)
You shoot a bolt.
The bolt hits the orc warrior but does no damage.
The orc warrior is almost dead.
The orc warrior barely misses you.
Shoot: a) +2 hand crossbow
Press: ? - help, Q - select action Shift-Dir - straight line, f/p - orc warrior
Aim: an orc warrior, wielding a +0 broad axe and wearing a +0 plate armour (almost dead, 70% to hit)
You shoot a bolt. The bolt barely misses the orc warrior.
The orc warrior misses you.
Shoot: a) +2 hand crossbow
Press: ? - help, Q - select action Shift-Dir - straight line, f/p - orc warrior
Aim: an orc warrior, wielding a +0 broad axe and wearing a +0 plate armour (almost dead, 70% to hit)
You shoot a bolt.
The bolt hits the orc warrior but does no damage.
The orc warrior is almost dead.
The orc warrior hits you with a +0 broad axe!
You die...

##########
#...<....#############
#.######@##..........# #.#
#o##.########.#
#.######.##.# #.#
#...........# #.# .
#..#####.###########.###>
#.##..##......<.............
#.............#########.###.
#.##..###.....# #.#
.............. #.#


You could see an orc warrior.

Vanquished Creatures
  The ghost of Leszczynek the Shooter, an amateur TeHu (D:3)
  Natasha (D:2)
  An orc wizard (D:3)
  4 adders
  2 gnolls (D:4)
  A river rat (D:3)
  4 worms
  2 dart slugs
  11 orcs
  5 ball pythons
  2 bats
  5 endoplasms
  4 giant cockroaches
  4 kobolds
  2 frilled lizards (D:2)
  5 rats
54 creatures vanquished.

Notes
Turn   | Place    | Note
-------+----------+-------------------------------------------
     0 | D:1      | HoaS the Kobold Hunter began the quest for the Orb.
     0 | D:1      | Reached XP level 1. HP: 12/12 MP: 1/1
   609 | D:1      | Reached XP level 2. HP: 17/17 MP: 2/2
   754 | D:1      | Reached skill level 6 in Crossbows
  1051 | D:2      | Reached XP level 3. HP: 17/21 MP: 3/3
  1682 | D:2      | Reached skill level 7 in Crossbows
  1682 | D:2      | Reached XP level 4. HP: 24/26 MP: 4/4
  1717 | D:2      | Noticed Natasha
  1720 | D:2      | Killed Natasha
  2126 | D:3      | Found a runed translucent door.
  2132 | D:3      | Found a burning altar of Makhleb.
  2136 | D:3      | Became a worshipper of Makhleb the Destroyer
  2198 | D:3      | Reached XP level 5. HP: 30/30 MP: 5/5
  2270 | D:3      | Reached skill level 8 in Crossbows
  2615 | D:3      | Found an ornate altar of the Wu Jian Council.
  2806 | D:3      | Found a runed translucent door.
  2838 | D:3      | Noticed Leszczynek's ghost (amateur TeHu)
  2848 | D:3      | Reached * piety under Makhleb
  2863 | D:3      | Killed Leszczynek's ghost
  2864 | D:3      | Reached skill level 9 in Crossbows
  2864 | D:3      | Reached XP level 6. HP: 20/35 MP: 6/6
  3101 | D:4      | Noticed an orc warrior
  3199 | D:4      | Slain by an orc warrior

Illustrated notes

Levels and vault maps discovered:
D:1:      dpeg_arrival_radiant, layout_basic
D:2:      layout_loops_ring, uniq_natasha
D:3:      layout_rooms, lemuel_crystal_altar, nzn_wu_jian_council_hall,
          ebering_ghost_sewer_f
D:4:      minmay_diamond_boxcup, layout_loops_ring,
          nemelex_diamond_rough_becter, vehumet_crystals,
          chequers_serial_rivers_room_a

Skill      XL: |  1  2  3  4  5 |
---------------+----------------+-----
Crossbows      | 6 7 9 |  9.5
Fighting       | |  2.1
Dodging        | |  2.4
Stealth        | |  1.3

Action                   |  1- 3 |  4- 6 || total
-------------------------+-------+-------++-------
 Fire: Hand crossbow     |    68 |    98 ||   166
  Use: Scroll            |     5 |     3 ||     8
       Potion            |       |     2 ||     2
Armor: Leather armour    |    10 |     6 ||    16
Dodge: Dodged            |    30 |    30 ||    60

Table legend: (Time is in decaauts)
 A = Elapsed time spent in this place.
 B = Non-inter-level travel time spent in this place.
 C = Inter-level travel time spent in this place.
 D = Time resting spent in this place.
 E = Time spent auto-exploring this place.
 F = Levels seen in this place.
 G = Mean time per level.
                   A        B        C        D        E       F      G
               +--------+--------+--------+--------+--------+-----+--------+
         Total |   3231 |   3118 |    113 |    513 |   2167 |   4 |  807.8 |
       Dungeon |   3231 |   3118 |    113 |    513 |   2167 |   4 |  807.8 |
               +--------+--------+--------+--------+--------+-----+--------+

Top non-repeatable levels by time:
     D:2: 1065 daAuts
     D:1: 1018 daAuts
     D:3: 1006 daAuts
     D:4: 142 daAuts
